 Dungeon Crawl Stone Soup version 0.21-a0-122-g43b3ea6 (webtiles) character file.

61558 Ordine the Carver (level 15, 0/89 HPs)
             Began as a Tengu Fighter on July 13, 2017.
             Was the Champion of Okawaru.
             Slain by a 12-headed hydra (4 damage)
             ... on level 11 of the Dungeon.
             The game lasted 01:15:03 (22281 turns).

Ordine the Carver (Tengu Fighter)                  Turns: 22281, Time: 01:15:04

Health: 0/89       AC: 20    Str: 16    XL:     15   Next: 3%
Magic:  23/23      EV: 16    Int: 15    God:    Okawaru [******]
Gold:   794        SH: 12    Dex: 14    Spells: 14/14 levels left

rFire    . . .     SeeInvis +   H - +0 demon blade
rCold    . . .     Gourm    .   a - +0 shield "Jidaku Loxey" {rN+}
rNeg     + + .     Faith    .   e - +0 pearl dragon scales
rPois    .         Spirit   .   (helmet restricted)
rElec    .         Reflect  .   L - +1 cloak
rCorr    .         Harm     .   G - +2 pair of gloves
MR       +....                  (boots unavailable)
Stlth    ..........             g - amulet of magic regeneration
HPRegen  0.24/turn              u - ring of see invisible
MPRegen  0.43/turn              O - +3 ring of slaying

@: flying quickly and evasively, quick
A: beak, talons 3, able to fly 2
a: Stop Flying, Heroism, Finesse, Renounce Religion


You were on level 11 of the Dungeon.
You worshipped Okawaru.
Okawaru was exalted by your worship.
You were not hungry.

You visited 3 branches of the dungeon, and saw 18 of its levels.
You also visited: Labyrinth and Ossuary.

You collected 1161 gold pieces.
You spent 367 gold pieces at shops.

Inventory:

Hand Weapons
 H - a +0 demon blade (weapon)
Armour
 a - the +0 shield "Jidaku Loxey" (worn) {rN+}
   (You took it off a red devil on level 6 of the Lair of Beasts)

   It protects you from negative energy.
 c - the +11 crystal plate armour "Deejoto" {Regen+ Dex+6 SInv}
   (Okawaru gifted it to you on level 11 of the Dungeon)

   It affects your dexterity (+6).
   It lets you see invisible.
   It increases your rate of regeneration.
 e - +0 pearl dragon scales (worn)
 G - a +2 pair of gloves (worn)
 L - a +1 cloak (worn)
Jewellery
 g - an amulet of magic regeneration (around neck)
 q - an uncursed ring of protection from fire
 u - a ring of see invisible (left hand)
 z - an uncursed ring of wizardry
 A - an uncursed ring of poison resistance
 O - a +3 ring of slaying (right hand)
 P - an uncursed ring of positive energy
 Q - an uncursed ring of protection from fire
Wands
 x - a wand of iceblast (2/15)
 y - a wand of disintegration (0/24)
 C - a wand of confusion (20/48)
 E - a wand of digging (8/24)
Scrolls
 d - a scroll of fear
 h - 5 scrolls of remove curse
 r - 4 scrolls of immolation
 s - 2 scrolls of fog
 t - 2 scrolls of enchant weapon
 v - a scroll of vulnerability
 B - 7 scrolls of teleportation
 F - a scroll of amnesia
Potions
 i - a potion of cancellation
 j - a potion of heal wounds
 k - 3 potions of curing
 m - 5 potions of haste
 n - 5 potions of brilliance
 o - 3 potions of mutation
 K - a potion of agility
Comestibles
 b - 21 royal jellies
 f - 10 bread rations
 l - 9 meat rations
 p - 3 chunks of flesh
 J - 9 fruits


   Skills:
 + Level 8.6 Fighting
 - Level 14.0 Long Blades
 + Level 10.2 Armour
 + Level 9.0 Dodging
 * Level 12.7 Shields
 + Level 8.6 Invocations
 + Level 9.4 Evocations


You had 14 spell levels left.
You didn't know any spells.

Dungeon Overview and Level Annotations

Branches:
Dungeon (11/15)            Temple (1/1) D:4            Lair (6/6) D:10
  Swamp (0/4) Lair:2        Snake (0/4) Lair:4        Slime (0/5) Lair:5
    Orc: D:9-12

Altars:
Ashenzari
Cheibriados
Dithmenos
Elyvilon
Fedhas
Gozag
Hepliaklqana
Kikubaaqudgha
Makhleb
Nemelex Xobeh
Okawaru
Qazlal
Ru
Sif Muna
Trog
Uskayaw
Vehumet
Wu Jian
Xom
Yredelemnul
Zin
The Shining One

Shops:
D:8 =   D:9 (

Portals:
Hell: Lair:6


Innate Abilities, Weirdness & Mutations

You have a beak for a mouth.
You have claws for feet.
You can fly continuously.


Message History

Unknown command.
You lop one of the ten-headed hydra's heads off!
The nine-headed hydra grows two more!
You slash the 11-headed hydra! You claw the 11-headed hydra.
The 11-headed hydra is almost dead.
Unknown command.
Unknown command.
Unknown command.
You slice one of the 11-headed hydra's heads off!
The ten-headed hydra grows two more!
You hit the 12-headed hydra.
The 12-headed hydra is severely wounded.
You block the 12-headed hydra's attack. The 12-headed hydra bites you!
* * * LOW HITPOINT WARNING * * *
The 12-headed hydra bites you but does no damage.
You block the 12-headed hydra's attack.
The 12-headed hydra bites you but does no damage. x2
The 12-headed hydra bites you!
* * * LOW HITPOINT WARNING * * *
The 12-headed hydra misses you. The 12-headed hydra bites you.
You die...

###
#################.#
#
........).))......#
#
#################.#
# # #.# # # #.### #
# ########...# # #
......D@...# # #
...........# # #
...........# # #
...........# # #
..(........# # #
.#####...... ..
######## #
+..........+.......
# #####
#$.........#....###
# #...# ........).)


You could see a 12-headed hydra.

Vanquished Creatures
  Snorg (Lair:4)
  A minotaur (Lab)
  12 hydras
  A two-headed ogre (D:11)
  Urug (Lair:2)
  Nergalle (Lair:1)
  A fire crab (Lair:6)
  A sixfirhy (Lair:6)
  An unseen horror (D:10)
  The ghost of gorpus the Frost Mage, a novice BaIE of Cheibriados (D:7)
  The ghost of gorpus the Thaumaturge, a novice DsWz of Vehumet (D:6)
  A lindwurm (Lair:5)
  A wizard (Lair:6)
  3 oklob plants
  11 elephants
  7 black mambas
  Psyche (D:10)
  6 gargoyles
  3 orange demons (Lair:6)
  15 spiny frogs
  10 rime drakes
  15 komodo dragons
  The ghost of ciphuk the Quickloader, a novice KoHu (D:5)
  An ice devil (Lair:6)
  2 trolls (D:11)
  A hellwing (Lair:6)
  A red devil (Lair:6)
  A polar bear (Lair:2)
  A hornet (D:10)
  12 blink frogs
  2 slime creatures (Lair:5)
  14 hippogriffs
  Sigmund (D:2)
  4 wyverns
  A wraith (D:11)
  24 yaks
  A steam dragon (D:9)
  A basilisk (Lair:1)
  2 wargs (D:10)
  2 hungry ghosts
  Menkaure (D:4)
  Edmund (D:4)
  A soldier ant (D:10)
  Duvessa (D:6)
  2 nagas (Lair:4)
  20 water moccasins
  5 hell hounds (Lair:6)
  7 porcupines
  2 orc warriors
  A phantom (D:9)
  2 sky beasts
  An ice beast (D:6)
  3 necrophages
  4 ogres
  9 wolves
  4 centaurs
  15 crocodiles
  A big kobold (D:11)
  20 bullfrogs
  4 water moccasin zombies (Ossuary)
  Dowan (D:6)
  9 scorpions
  6 killer bees (D:10)
  9 wights
  4 howler monkeys
  2 electric eels (Lair:1)
  7 crimson imps
  2 bullfrog zombies
  2 centaur zombies
  3 jellies
  2 quasits
  A bullfrog skeleton (D:6)
  5 hounds
  Crazy Yiuf (D:4)
  7 orc priests
  6 orc wizards
  An iguana (D:4)
  Ijyb (D:4)
  13 worker ants
  A big kobold zombie (Ossuary)
  2 hound skeletons
  2 mummies (Ossuary)
  6 gnolls
  7 adders
  2 shadow imps
  3 adder zombies (Ossuary)
  A worm (D:10)
  2 dart slugs
  6 leopard geckos
  33 orcs
  2 ball pythons
  6 giant cockroaches
  11 goblins
  9 hobgoblins
  12 jackals
  11 kobolds
  7 quokkas
  6 bats
  8 frilled lizards
  3 gnoll zombies (Ossuary)
  4 hobgoblin zombies (Ossuary)
  A leopard gecko skeleton (D:4)
  6 orc zombies (Ossuary)
  3 rats
  2 fungi
  A plant (Lair:3)
510 creatures vanquished.

Vanquished Creatures (others)
  13 fungi
  13 plants
26 creatures vanquished.

Grand Total: 536 creatures vanquished

Notes
Turn   | Place    | Note
-------+----------+-------------------------------------------
     0 | D:1      | Ordine the Tengu Fighter began the quest for the Orb.
     0 | D:1      | Reached XP level 1. HP: 14/14 MP: 2/2
   170 | D:1      | Reached XP level 2. HP: 8/19 MP: 3/3
   429 | D:1      | Reached skill level 3 in Long Blades
   722 | D:1      | Reached XP level 3. HP: 21/23 MP: 4/4
   834 | D:1      | Noticed a sky beast
   848 | D:1      | Killed a sky beast
   848 | D:1      | Reached skill level 4 in Long Blades
   848 | D:1      | Reached XP level 4. HP: 28/28 MP: 5/5
   848 | D:1      | Gained mutation: You can fly. [Tengu growth]
   848 | D:1      | Reached XP level 5. HP: 32/32 MP: 6/6
   903 | D:2      | Noticed Sigmund
   912 | D:2      | Killed Sigmund
   912 | D:2      | Reached skill level 5 in Long Blades
   912 | D:2      | Reached XP level 6. HP: 16/37 MP: 3/7
  1225 | D:2      | Found a burning altar of Makhleb.
  1244 | D:2      | Reached skill level 6 in Long Blades
  1754 | D:3      | Found a deep blue altar of Sif Muna.
  2055 | D:3      | Found a snail-covered altar of Cheibriados.
  2530 | D:4      | Noticed Menkaure
  2544 | D:4      | Killed Menkaure
  2544 | D:4      | Reached skill level 7 in Long Blades
  2544 | D:4      | Reached skill level 5 in Shields
  2544 | D:4      | Reached XP level 7. HP: 15/41 MP: 8/8
  2804 | D:4      | Found a staircase to the Ecumenical Temple.
  2821 | Temple   | Entered the Ecumenical Temple
  3256 | D:4      | Noticed Ijyb
  3269 | D:4      | Killed Ijyb
  3299 | D:4      | Found an ornate altar of the Wu Jian Council.
  3512 | D:4      | Noticed Edmund
  3543 | D:4      | Killed Edmund
  3926 | D:4      | Found a runed door.
  3930 | D:4      | Noticed Crazy Yiuf
  3936 | D:4      | Killed Crazy Yiuf
  4030 | Temple   | Became a worshipper of Warmaster Okawaru
  4074 | D:5      | Entered Level 5 of the Dungeon
  4187 | D:5      | Reached skill level 8 in Long Blades
  4286 | D:5      | Reached XP level 8. HP: 46/46 MP: 9/9
  4567 | D:5      | Found a blossoming altar of Fedhas.
  4674 | D:5      | Noticed ciphuk's ghost (novice KoHu)
  4684 | D:5      | Killed ciphuk's ghost
  4684 | D:5      | Reached * piety under Okawaru
  4684 | D:5      | Reached skill level 9 in Long Blades
  4712 | D:5      | Found a white marble altar of Elyvilon.
  4906 | D:6      | Found a sand-covered staircase.
  4913 | Ossuary  | Entered an ossuary
  5098 | Ossuary  | Reached skill level 13 in Long Blades
  5098 | Ossuary  | Reached XP level 9. HP: 42/50 MP: 10/10
  5140 | D:6      | Noticed gorpus's ghost (novice DsWz)
  5154 | D:6      | HP: 2/50 [gorpus's ghost (16)]
  5158 | D:6      | Killed gorpus's ghost
  5158 | D:6      | Reached ** piety under Okawaru
  5158 | D:6      | Reached XP level 10. HP: 23/56 MP: 11/11
  5202 | D:6      | Reached skill level 14 in Long Blades
  5407 | D:6      | Reached skill level 10 in Shields
  5523 | D:6      | Found an ancient bone altar of Kikubaaqudgha.
  5523 | D:6      | Found a bloodstained altar of Trog.
  5543 | D:6      | Noticed Duvessa
  5553 | D:6      | Killed Duvessa
  5559 | D:6      | Noticed Dowan
  5563 | D:6      | Killed Dowan
  5655 | D:6      | Reached skill level 1 in Evocations
  5671 | D:6      | Reached skill level 1 in Dodging
  5755 | D:6      | Found a basalt altar of Yredelemnul.
  5758 | D:6      | Found a glowing golden altar of the Shining One.
  5769 | D:6      | Reached *** piety under Okawaru
  5825 | D:6      | Reached skill level 1 in Invocations
  5997 | D:6      | Found a shattered altar of Ashenzari.
  6158 | D:7      | Found an iron altar of Okawaru.
  6163 | D:7      | Noticed gorpus's ghost (novice BaIE)
  6422 | D:7      | Killed gorpus's ghost
  6466 | D:7      | Received a gift from Okawaru
  6472 | D:7      | Found a shadowy altar of Dithmenos.
  6683 | D:7      | Noticed a gargoyle
  6691 | D:7      | Killed a gargoyle
  6835 | D:7      | Noticed a gargoyle
  6843 | D:7      | Killed a gargoyle
  6843 | D:7      | Reached **** piety under Okawaru
  7017 | D:7      | Noticed a gargoyle
  7028 | D:7      | Killed a gargoyle
  7028 | D:7      | Reached XP level 11. HP: 59/61 MP: 13/13
  7659 | D:8      | Found Donkoleg's Jewellery Shop.
  7662 | D:8      | Reached skill level 5 in Armour
  7698 | D:8      | Bought an uncursed ring of poison resistance for 300 gold pieces
  7838 | D:8      | Reached ***** piety under Okawaru
  7840 | D:8      | Reached skill level 5 in Fighting
  7966 | D:8      | Found a stormy altar of Qazlal.
  8337 | D:8      | Bought a cursed ring of teleportation for 67 gold pieces
  8533 | D:9      | Found Icepp's Weapon Emporium.
  9033 | D:10     | Entered Level 10 of the Dungeon
  9051 | D:10     | Noticed an unseen horror
  9072 | D:10     | Killed an unseen horror
  9305 | D:10     | Found a staircase to the Lair.
  9438 | D:10     | Noticed Psyche
  9452 | D:10     | Killed Psyche
  9775 | D:10     | Got a polished ring mail
 10161 | D:10     | Identified the +1 ring mail of Valiance {+Fly rPois Regen+} (You found it on level 10 of the Dungeon)
 10190 | Lair:1   | Entered Level 1 of the Lair of Beasts
 10239 | Lair:1   | Received a gift from Okawaru
 10363 | Lair:1   | Reached XP level 12. HP: 68/68 MP: 16/16
 10732 | Lair:1   | Noticed Nergalle
 10751 | Lair:1   | Killed Nergalle
 10779 | Lair:1   | Noticed a four-headed hydra
 10784 | Lair:1   | Killed a four-headed hydra
 10813 | Lair:1   | Reached skill level 5 in Dodging
 11317 | Lair:2   | Found a staircase to the Swamp.
 11329 | Lair:2   | Reached ****** piety under Okawaru
 11343 | Lair:2   | Reached skill level 5 in Evocations
 12098 | Lair:2   | Received a gift from Okawaru
 12101 | Lair:2   | Noticed Urug
 12129 | Lair:2   | Killed Urug
 12140 | Lair:2   | Got a polished hand crossbow {god gift}
 12305 | Lair:2   | Identified the +4 hand crossbow of Pragmatism {venom, rC+ MR+ Stlth+} (Okawaru gifted it to you on level 2 of the Lair of Beasts)
 13245 | Lair:3   | Found a labyrinth entrance.
 13259 | Lab      | Entered a labyrinth
 13846 | Lab      | Found an exit through the horrors of the Abyss.
 14118 | Lab      | Noticed a minotaur
 14130 | Lab      | Killed a minotaur
 14245 | Lab      | Got a transparent short sword
 14253 | Lab      | Identified the +6 short sword of Defence by Offence {flame, Fragile +Rage rElec SInv} (You found it in a labyrinth)
 14528 | Lair:3   | Reached skill level 5 in Invocations
 14551 | Lair:3   | Reached XP level 13. HP: 74/76 MP: 18/18
 15200 | Lair:4   | Found a staircase to the Snake Pit.
 15213 | Lair:4   | Noticed Snorg
 15242 | Lair:4   | Received a gift from Okawaru
 15251 | Lair:4   | Killed Snorg
 15886 | Lair:5   | Found a staircase to the Slime Pits.
 16711 | Lair:6   | Entered Level 6 of the Lair of Beasts
 17361 | Lair:6   | Received a gift from Okawaru
 17535 | Lair:6   | Got a tattered robe {god gift}
 17546 | Lair:6   | Identified the +5 robe of the Orb {*Slow Dex+4} (Okawaru gifted it to you on level 6 of the Lair of Beasts)
 17654 | Lair:5   | Gained mutation: You can fly continuously. [Tengu growth]
 17654 | Lair:5   | Reached XP level 14. HP: 47/83 MP: 21/21
 20519 | Lair:6   | Got a faintly glowing shield
 20799 | Lair:6   | Identified the +0 shield "Jidaku Loxey" {rN+} (You took it off a red devil on level 6 of the Lair of Beasts)
 20808 | Lair:6   | Found a burning altar of Makhleb.
 20954 | Lair:6   | Reached skill level 10 in Armour
 20960 | Lair:6   | Found a gateway to Hell.
 21519 | D:11     | Received a gift from Okawaru
 21525 | D:11     | Got a scorched crystal plate armour {god gift}
 21810 | D:10     | Identified the +11 crystal plate armour "Deejoto" {Regen+ Dex+6 SInv} (Okawaru gifted it to you on level 11 of the Dungeon)
 22113 | D:11     | Reached XP level 15. HP: 89/89 MP: 23/23
 22281 | D:11     | HP: 4/89 [12-headed hydra (11)]
 22281 | D:11     | Slain by a 12-headed hydra

Vault maps used:
D:1:      dpeg_arrival_ternary, minmay_misc_feat_plants
D:2:      makhleb_grotto_becter, serial_corexii_hall, corexii_hall_statues_i,
          corexii_hall_statues_u, uniq_sigmund
D:3:      kennysheep_slug_shrine, nicolae_overflow_hidden_temple
D:4:      kennysheep_little_box, temple_green, first_bread, lemuel_flame_loot_1,
          uniq_edmund, uniq_crazy_yiuf_cottage, uniq_ijyb, uniq_menkaure
D:5:      elyvilon_altar_5, fedhas_altar_1
D:6:      minmay_diamond_boxcup, chequers_temple_overflow_statue_of_worship,
          lemuel_coloured_pillars_altar, nicolae_ossuary_entry_plus,
          uniq_duvessa
D:7:      cheibrodos_statue_roulette, basic_altar, okawaru_gym_becter
D:8:      grunt_qazlal_clouds, serial_shops, nicolae_shop_waterfront,
          serial_undead, serial_undead_e, serial_undead_b, serial_undead_b,
          serial_undead_b, serial_undead_e, serial_undead_d, serial_undead_a
D:9:      serial_shops, shop
D:10:     erik_lair_orcish_takeover, hangedman_pestilent_swarm, eino_jars,
          uniq_psyche
Temple:   eino_wide_crystal_templ
Lair:1:   serial_bayou, serial_bayou_shore_b, serial_bayou_pond_d,
          serial_bayou_shore_a, serial_bayou_pond_b, grunt_megastairs_4,
          uniq_nergalle
Lair:2:   swamp_mist, uniq_urug
Lair:3:   lab_entry_generic, minmay_lair_oklob_chamber, grunt_megastairs_2
Lair:4:   minmay_snake_entry_guardpost_small, dpeg_oklob_1, uniq_snorg
Lair:5:   minmay_slime_entry_pillars
Lair:6:   evil_forest, nicolae_lair_grove_arrangements, minmay_lair_drake_nest
Lab:      nicolae_lab_dead_adventurers, lab_block, labyrinth_fake_exit
Ossuary:  ossuary_tomb_2

Skill      XL: |  1  2  3  4  5  6  7  8  9 10 11 12 13 14 |
---------------+-------------------------------------------+-----
Long Blades    | 3 4 5 7 8 13 14 | 14.0
Shields        | 4 5 9 10 11 12 | 12.7
Evocations     | 2 4 6 8 9 |  9.4
Dodging        | 2 4 6 7 9 |  9.0
Invocations    | 1 3 5 6 8 |  8.6
Armour         | 4 6 7 9 10 | 10.2
Fighting       | 4 5 6 7 8 |  8.6

Action                   |  1- 3 |  4- 6 |  7- 9 | 10-12 | 13-15 || total
-------------------------+-------+-------+-------+-------+-------++-------
Melee: Long sword        |    90 |   141 |   195 |   472 |       ||   898
       Kick              |    27 |    29 |    78 |   291 |   338 ||   763
       Peck              |    11 |    21 |    44 |   179 |   217 ||   472
       Demon blade       |       |       |       |   466 |   903 ||  1369
Invok: Heroism           |       |       |       |     2 |     1 ||     3
       Finesse           |       |       |       |     2 |     1 ||     3
 Abil: Fly               |       |     1 |     1 |     6 |     2 ||    10
       Stop Flying       |       |       |       |       |     1 ||     1
Evoke: Wand              |       |       |       |     5 |    57 ||    62
  Use: Scroll            |       |     7 |    11 |    10 |    12 ||    40
       Potion            |       |       |     8 |    11 |     5 ||    24
 Stab: Invisible         |       |       |       |     3 |       ||     3
  Eat: Chunk             |       |     6 |     4 |    29 |    20 ||    59
       Bread ration      |       |       |     1 |     1 |     1 ||     3
       Fruit             |       |       |       |     1 |       ||     1
Armor: Pearl dragon scal |    39 |    47 |    62 |   243 |   230 ||   621
       Skin              |       |       |       |    15 |       ||    15
Dodge: Dodged            |    25 |    25 |    35 |   225 |   336 ||   646
Block: Shield            |    50 |    58 |    77 |   408 |   444 ||  1037
       Rpst.: Long sword |     8 |     4 |    12 |    28 |       ||    52
       Demon blade       |       |       |       |    41 |    69 ||   110
